 Dungeon Crawl Stone Soup version 0.28-a0-533-g9f97627e2a (webtiles) character file.

Game seed: 17834040599356533201

113 willcat the Sneak (level 4, -1/31 HPs)
             Began as an Octopode Delver on Sept 26, 2021.
             Slain by an ice beast (8 damage)
             ... on level 6 of the Dungeon.
             The game lasted 00:01:07 (668 turns).

willcat the Sneak (Octopode Delver)                  Turns: 668, Time: 00:01:08

Health: -1/31      AC:  1    Str: 11    XL:     4   Next: 96%
Magic:  4/4        EV: 14    Int: 13    God:
Gold:   67         SH:  0    Dex: 13    Spells: 3/3 levels left

rFire   . . .      SeeInvis .   i - +0 rapier
rCold   . . .      Faith    .   (no shield)
rNeg    . . .      Spirit   .   (helmet restricted)
rPois   .          Reflect  .   (no amulet)
rElec   .          Harm     .   (no ring)
rCorr   .          Rampage  .   (no ring)
Will    .....                   (no ring)
Stlth   +++++.....              (no ring)
HPRegen 0.10/turn               (no ring)
MPRegen 0.09/turn               (no ring)
                                (no ring)
                                (no ring)

@: no status effects
A: almost no armour, amphibious, 8 rings, camouflage 1, gelatinous body 1,
(nimble swimmer 1), tentacles
a: no special abilities


You were on level 6 of the Dungeon.
You visited 1 branch of the dungeon, and saw 3 of its levels.

You collected 67 gold pieces.

Inventory:

Hand Weapons
 a - a +0 short sword
 i - a +0 rapier (weapon)
Wands
 f - a wand of digging (3)
Scrolls
 b - a scroll of fog
 c - a scroll of magic mapping
 d - 2 scrolls of identify {unknown}
 h - 2 scrolls of teleportation {unknown}
 k - a scroll of holy word {unknown}
Potions
 e - a potion of haste
 g - a potion of ambrosia {unknown}
 j - a potion of curing {unknown}
 l - a potion of heal wounds {unknown}


   Skills:
 - Level 3.0 Fighting
 + Level 3.2 Short Blades
 + Level 3.2 Dodging
 + Level 7.6 Stealth


You had 3 spell levels left.
You didn't know any spells.
Your spell library was empty.

Dungeon Overview and Level Annotations

Branches:
Dungeon (7/15)
 Temple: D:4-7

Altars:
Fedhas
Hepliaklqana
Ru
Uskayaw


Innate Abilities, Weirdness & Mutations

You cannot wear most types of armour.
You are amphibious.
You can wear up to eight rings at the same time.
Your skin changes colour to match your surroundings (Stealth+).
Your rubbery body absorbs attacks. (AC +1, EV +1)
((You are camouflaged near water. (Stealth+)))
You have tentacles for arms and can constrict up to eight enemies at once.


Message History

There is an open door here.
An ice beast comes into view.
Found a stone staircase leading down.
An ice beast is nearby!
The helpless ice beast fails to defend itself.
You impale the ice beast!!
The ice beast is severely wounded.
The ice beast hits you. The ice beast freezes you!
You hit the ice beast.
The ice beast is severely wounded.
The ice beast completely misses you.
You hit the ice beast.
The ice beast is almost dead.
The ice beast hits you. The ice beast freezes you!
* * * LOW HITPOINT WARNING * * *
Unknown command.
You hit the ice beast but do no damage.
You squeeze the ice beast, but do no damage.
The ice beast is almost dead.
The ice beast barely misses you.
Unknown command.
You hit the ice beast but do no damage. You squeeze the ice beast.
The ice beast is almost dead.
The ice beast misses you.
Unknown command.
You closely miss the ice beast.
You squeeze the ice beast, but do no damage.
The ice beast is almost dead.
The ice beast barely misses you.
Unknown command.
You barely miss the ice beast.
The ice beast is almost dead.
The ice beast misses you.
Unknown command.
You hit the ice beast.
The ice beast is almost dead.
The ice beast hits you.
* * * LOW HITPOINT WARNING * * *
The ice beast freezes you!
You die...

#. ####### #. ###
#♣.♣≈≈≈## #.
#<##♣...♣≈≈≈#
#.#####..'.._.8≈≈≈#
#.#......#♣...♣≈≈≈#
#>.......##♣.♣≈≈≈##
#Y#.......########
#.@.#.#........
.........#.......###
######..###.........
#..## ##......##
#..# ##.....# #..#
.##...... ..# .
#...## .## [. #.


You could see an ice beast.

Vanquished Creatures
  A centaur zombie (D:6)
  2 iguanas
  An adder (D:6)
  A howler monkey skeleton (D:6)
  An ufetubus (D:6)
  A worm (D:5)
7 creatures vanquished.

Notes
Turn   | Place    | Note
-------+----------+-------------------------------------------
     0 | D:5      | willcat the Octopode Delver began the quest for the Orb.
     0 | D:5      | Reached XP level 1. HP: 16/16 MP: 1/1
     1 | D:5      | Found a sacrificial altar of Ru.
    31 | D:5      | Noticed an iguana
    39 | D:5      | Killed an iguana
    40 | D:5      | Reached skill level 7 in Stealth
    40 | D:5      | Reached XP level 2. HP: 21/21 MP: 2/2
    40 | D:5      | Reached XP level 3. HP: 26/26 MP: 3/3
   171 | D:6      | Noticed a scorpion
   180 | D:6      | Reached XP level 4. HP: 3/31 MP: 4/4
   490 | D:6      | Noticed an ogre
   619 | D:7      | Noticed a centaur
   640 | D:6      | Found a hazy altar of Hepliaklqana.
   652 | D:6      | Noticed an ice beast
   668 | D:6      | Slain by an ice beast

Illustrated notes

Levels and vault maps discovered:
D:5:      layout_rooms, chequers_temple_overflow_minitemple,
          kennysheep_little_box, chequers_temple_overflow_statue_of_worship,
          serial_shops, shop_statue, uniq_ijyb
D:6:      layout_basic, worldfamousw_hep_ancestral_shrine, tso_metal_star,
          st_stairs_4, minmay_fractal_squares_5
D:7:      layout_basic, nicolae_overflow_crystal_walls,
          mainiacjoe_overflow_alcove_2, lemuel_temple_firewalk_b,
          lightli_church_of_beogh, uniq_pikel, uniq_joseph

Skill      XL: |  1  2  3 |
---------------+----------+-----
Stealth        | 7 |  7.6
Short Blades   | 3 |  3.2
Dodging        | 3 |  3.2
Fighting       | |  3.0

Action                   |  1- 3 |  4- 6 || total
-------------------------+-------+-------++-------
Melee: Short sword       |     2 |       ||     2
       Rapier            |     6 |    11 ||    17
       Tentacles         |     2 |     4 ||     6
       Constrict         |     2 |       ||     2
  Use: Scroll            |     1 |       ||     1
 Stab: Sleeping          |     4 |     3 ||     7
Armor: Skin              |       |     2 ||     2
Dodge: Dodged            |     2 |    13 ||    15

Table legend: (Time is in decaauts)
 A = Elapsed time spent in this place.
 B = Non-inter-level travel time spent in this place.
 C = Inter-level travel time spent in this place.
 D = Time resting spent in this place.
 E = Time spent auto-exploring this place.
 F = Levels seen in this place.
 G = Mean time per level.
                   A        B        C        D        E       F      G
               +--------+--------+--------+--------+--------+-----+--------+
         Total |    668 |    668 |      0 |    251 |    243 |   3 |  222.7 |
       Dungeon |    668 |    668 |      0 |    251 |    243 |   3 |  222.7 |
               +--------+--------+--------+--------+--------+-----+--------+

Top non-repeatable levels by time:
     D:6: 476 daAuts
     D:7: 122 daAuts
     D:5: 69 daAuts
